 Dungeon Crawl Stone Soup version 0.29-a0-371-g91724d5b39 (webtiles) character file.

Game seed: 10629644771535351315

30 spaghetti the Sneak (level 3, -11/33 HPs)
             Began as a Deep Dwarf Delver on May 2, 2022.
             Mangled by an orc warrior
             ... wielding a +4 short sword
              (16 damage)
             ... on level 6 of the Dungeon.
             The game lasted 00:01:12 (252 turns).

spaghetti the Sneak (Deep Dwarf Delver)              Turns: 252, Time: 00:01:13

Health: -11/33     AC:  3    Str: 15    XL:     3   Next: 3%
Magic:  1/5        EV: 12    Int: 12    God:
Gold:   0          SH:  0    Dex: 14    Spells: 6/6 levels left

rFire   . . .      SeeInvis .   a - +0 short sword {short}
rCold   . . .      Faith    .   (no shield)
rNeg    . . .      Spirit   .   b - +0 leather armour
rPois   .          Reflect  .   (no helmet)
rElec   .          Harm     .   (no cloak)
rCorr   .          Rampage  .   (no gloves)
Will    .....                   (no boots)
Stlth   +++.......              (no amulet)
HPRegen 0.00/turn               (no ring)
MPRegen 0.09/turn               (no ring)

@: no status effects
A: damage resistance, heal wounds, sense surroundings 1, no regeneration
a: Heal Wounds


You were on level 6 of the Dungeon.
You visited 1 branch of the dungeon, and saw 2 of its levels.


Innate Abilities, Weirdness & Mutations

You are resistant to damage.
You can heal yourself by infusing magical energy.
You passively map a small area around you.
You do not regenerate.


   Skills:
 - Level 2.6 Fighting
 - Level 1.7 Short Blades
 - Level 2.1 Dodging
 - Level 6.0 Stealth
 + Level 2.2 Spellcasting


You had 6 spell levels left.
You didn't know any spells.
Your spell library contained the following spells:

 Spells                   Type           Power      Damage    Failure   Level
 Stone Arrow              Conj/Erth      2%         3d7       69%         3
 Summon Guardian Golem    Hex/Summ       1%         N/A       69%         3
 Animate Armour           Summ/Erth      2%         N/A       97%         4
 Orb of Destruction       Conj           0%         9d5       100%        7
 Spellforged Servitor     Conj/Summ      0%         N/A       100%        7
 Lehudib's Crystal Spear  Conj/Erth      0%         10d2      100%        8

Inventory:

Hand Weapons
 a - a +0 short sword (weapon) {short}
Armour
 b - a +0 leather armour (worn)
Wands
 g - a wand of digging (3)
Scrolls
 d - a scroll of magic mapping {!r}

Dungeon Overview and Level Annotations

Branches:
Dungeon (6/15)
 Temple: D:4-7

Altars:

* #.## * ,* #... ####.##
.[.. #.!#* #.?.....
#.... *##..# #.......
...... , ... #......(
......# *#.#####.......
......§####.#...........
......§§o§§§..###.......
......§@oo.o......o.....
##....####§...###.......
#...** ####o# #.......
#.. * #.# ###<.... #.
#.. ###### , # ##.# , .#
.. * , *, ,,,,,


You could see an orc warrior, an orc priest and an orc.


Message History

You closely miss the scorpion. The quokka barely misses you.
The scorpion misses you.
You completely miss the scorpion. The quokka bites you.
The scorpion stings you but does no damage.
You barely miss the scorpion. The iguana completely misses you.
The quokka bites you but does no damage.
You hit the scorpion but do no damage. The scorpion stings you.
You are poisoned.
The scorpion poisons you!
Unknown command.
Unknown command.
There is an open gate here.
You are no longer poisoned.
There is a stone staircase leading down here.
Okay, then.
You climb downwards.
Found 25 stones.
Found a stone staircase leading down.
There is a stone staircase leading up here.
Unknown command.
Unknown command.
An orc priest comes into view. It is wielding a +0 mace.
The orc warrior shouts!
The orc shouts!
You hear a shout!
An orc comes into view. It is wielding a +0 flail.
Your extra speed is starting to run out.
Unknown command.
The orc priest hits you with a +0 flail. 😮 HP[-5]
You take 5 damage, and now have 12/20 hp.
MASSIVE DAMAGE!! (PAUSE)
You feel much better. 😎 HP[+8]
Your hp is fully restored (20).
Unknown command.
You hit the orc priest.
You feel yourself slow down.
The orc priest hits you with a +0 flail.
Unknown command.
You hit the orc priest.
The orc priest miscasts a cantrip.
You closely miss the orc priest.
The orc priest hits you with a +0 flail! 😮 HP[-5]
You take 5 damage, and now have 15/20 hp.
MASSIVE DAMAGE!! (PAUSE) Unknown command.
You hit the orc priest. The orc priest barely misses you.
You hit the orc priest.
The orc priest hits you with a +0 flail.
The orc closely misses you. 😮 HP[-1]
You take 1 damage, and now have 14/20 hp.
You closely miss the orc priest. The orc priest barely misses you.
The orc hits you with a +0 whip.
You closely miss the orc priest.
The orc priest calls down the wrath of Beogh upon you.
You barely resist. The orc hits you but does no damage.
The orc priest shouts!
You hit the orc priest.
You kill the orc priest!
The orc barely misses you.
Your Spellcasting skill gained 2 levels and is now at level 2!
You have reached level 2!
You have reached level 3!
Your experience leads to an increase in your attributes!
Increase (S)trength, (I)ntelligence, or (D)exterity?
You feel clever. x2 😮 HP[+9]
You now have 33 max hp (+13).
You regained 9 hp, and now have 23/33 hp.
Okay, then.
You aren't carrying any potions.
Unknown command.
You fail to use your ability.
The orc hits you with a +0 whip.
The orc warrior hits you with a +4 short sword!!
* * * LOW HITPOINT WARNING * * *
😱 HP[-16]
You take 16 damage, and now have 7/33 hp.
MASSIVE DAMAGE!! (PAUSE) Unknown command.
Your magical essence is drained by the effort!
You feel much better. The orc closely misses you.
The orc warrior hits you with a +4 short sword! 😮 HP[+14]
You regained 14 hp, and now have 21/33 hp.
Unknown command.
Unknown command.
Unknown command.
Okay, then.
You aren't carrying any potions.
As you read the scroll of fog, it crumbles to dust.
The scroll dissolves into smoke.
The orc closely misses you.
The orc warrior hits you with a +4 short sword!
* * * LOW HITPOINT WARNING * * *
😱 HP[-16]
You take 16 damage, and now have 5/33 hp.
MASSIVE DAMAGE!! (PAUSE)
The orc attacks as you move away! The orc barely misses you.
The orc warrior hits you with a +4 short sword!
You die...

Skill      XL: |  1 |
---------------+----+-----
Spellcasting   | 2 |  2.2
Fighting       | |  2.6
Short Blades   | |  1.7
Dodging        | |  2.1
Stealth        | |  6.0

Action                   || total
-------------------------++-------
Melee: Short sword       ||    16
 Abil: Heal Wounds       ||     2
  Use: Scroll            ||     2
       Potion            ||     1
 Stab: Sleeping          ||     1
Armor: Leather armour    ||     4
Dodge: Dodged            ||    14

Levels and vault maps discovered:
D:5:      layout_cave_pods, kennysheep_cluttered_room
D:6:      layout_loops_ring

Notes
Turn   | Place    | Note
-------+----------+-------------------------------------------
     0 | D:5      | spaghetti the Deep Dwarf Delver began the quest for the
                  | Orb.
     0 | D:5      | Reached XP level 1. HP: 20/20 MP: 1/1
     0 | D:5      | magus.rc [v1.9.6]
    89 | D:6      | You pick up a book of Armaments and begin reading...
    89 | D:6      | You add the spells Stone Arrow, Animate Armour and
                  | Lehudib's Crystal Spear to your library.
    97 | D:6      | You pick up a book of Dangerous Friends and begin
                  | reading...
    97 | D:6      | You add the spells Summon Guardian Golem, Orb of
                  | Destruction and Spellforged Servitor to your library.
   164 | D:6      | Noticed an orc priest
   164 | D:6      | Noticed an orc priest
   164 | D:6      | Noticed an orc priest
   189 | D:5      | Noticed a scorpion
   194 | D:5      | Noticed an iguana
   224 | D:6      | Noticed an orc warrior
   225 | D:6      | Noticed an orc priest
   248 | D:6      | Killed an orc priest
   249 | D:6      | Reached skill level 2 in Spellcasting
   249 | D:6      | Reached XP level 2. HP: 18/27 MP: 1/5
   249 | D:6      | Reached XP level 3. HP: 23/33 MP: 1/6
   249 | D:6      | HP: 7/33 [orc warrior/+4 short sword (16)]
   252 | D:6      | Mangled by an orc warrior

Vanquished Creatures
  An orc priest (D:6)
1 creature vanquished.

Table legend:
 A = Non-vault XP
 B = Vault XP
 C = Vault XP percentage of total XP
 D = Non-vault monster count
 E = Vault monster count
 F = Vault count percentage of total count
                 A         B        C        D         E       F
            +---------+---------+-------+---------+---------+-------
      Total |      43 |       0 |   0.0 |       1 |       0 |   0.0
            +---------+---------+-------+---------+---------+-------
        D:6 |      43 |       0 |   0.0 |       1 |       0 |   0.0
            +---------+---------+-------+---------+---------+-------

Illustrated notes

Table legend:
 A = Kills in this place as a percentage of kills in entire the game.
 B = Kills by you in this place as a percentage of kills by you in the entire game.
 C = Kills by friends in this place as a percentage of kills by friends in the entire game.
 D = Other kills in this place as a percentage of other kills in the entire game.
 E = Experience gained in this place as a percentage of experience gained in the entire game.
 F = Experience gained in this place divided by the number of levels of this place that you have seen.
                   A       B       C       D       E      F
               +-------+-------+-------+-------+-------+----------------------
         Total | 100.0 | 100.0 |   N/A |   N/A | 100.0 |  21.5
       Dungeon | 100.0 | 100.0 |   N/A |   N/A | 100.0 |  21.5
               +-------+-------+-------+-------+-------+----------------------

Table legend: (Time is in decaauts)
 A = Elapsed time spent in this place.
 B = Non-inter-level travel time spent in this place.
 C = Inter-level travel time spent in this place.
 D = Time resting spent in this place.
 E = Time spent auto-exploring this place.
 F = Levels seen in this place.
 G = Mean time per level.
                   A        B        C        D        E       F      G
               +--------+--------+--------+--------+--------+-----+--------+
         Total |    237 |    228 |      9 |      0 |    158 |   2 |  118.5 |
       Dungeon |    237 |    228 |      9 |      0 |    158 |   2 |  118.5 |
               +--------+--------+--------+--------+--------+-----+--------+

Top non-repeatable levels by time:
     D:6: 125 daAuts
     D:5: 112 daAuts
